 Dungeon Crawl Stone Soup version 0.30-a0-557-ge2afbf3030 (webtiles) character file.

Game seed: 4369095284785550173

312 MineK the Trooper (level 6, -1/40 HPs)
             Began as a Gargoyle Fighter on Dec 27, 2022.
             Slain by an ogre
             ... wielding a +0 giant spiked club
              (27 damage)
             ... on level 3 of the Dungeon.
             The game lasted 00:26:08 (4581 turns).

MineK the Trooper (Gargoyle Fighter)                Turns: 4581, Time: 00:26:08

Health: -1/40      AC:  5    Str: 21    XL:     6   Next: 42%
Magic:  6/6        EV: 10    Int:  9    God:
Gold:   221        SH:  4    Dex:  9    Spells: 5/5 levels left

rFire   . . .      SeeInvis .    a - +0 flail
rCold   + . .      Faith    .    c - +0 buckler
rNeg    + . .      Spirit   .    (no body armour)
rPois   ∞          Reflect  .    (no helmet)
rElec   +          Harm     .    m - scarf {shadows}
rCorr   .          Rampage  .    i - +0 pair of gloves
Will    .....                    (no boots)
Stlth   +                        (no amulet)
HPRegen 0.26/turn                x - ring of protection from cold
MPRegen 0.10/turn                (no ring)

@: no status effects
A: sickness immunity, AC +4, negative energy resistance 1, electricity
resistance, torment resistance 1, petrification resistance
a: no special abilities


You were on level 3 of the Dungeon.
You visited 1 branch of the dungeon, and saw 4 of its levels.
You also visited: Sewer.

You collected 221 gold pieces.

Inventory:

Hand Weapons
 a - a +0 flail (weapon)
Armour
 c - a +0 buckler (worn)
 i - a +0 pair of gloves (worn)
 m - a scarf of shadows (worn)
 D - a +1 chain mail of cold resistance
Jewellery
 x - a ring of protection from cold (left hand)
Wands
 v - a wand of paralysis (8) (quivered)
Scrolls
 e - a scroll of noise {unknown}
 g - a scroll of fog
 h - a scroll of identify {unknown}
 l - 2 scrolls of teleportation
 n - a scroll of enchant armour {unknown}
 o - 2 scrolls of poison {unknown}
 q - a scroll of magic mapping {unknown}
 r - 2 scrolls of fear {unknown}
 t - a scroll of butterflies {unknown}
 u - a scroll of vulnerability {unknown}
 y - a scroll of amnesia {unknown}
 C - a scroll of enchant weapon {unknown}
Potions
 d - 2 potions of brilliance {unknown}
 f - 2 potions of haste {unknown}
 j - 2 potions of curing
 k - 2 potions of degeneration {unknown}
 p - a potion of lignification {unknown}
 s - a potion of invisibility {unknown}
 w - a potion of berserk rage {unknown}
 A - a potion of mutation {unknown}
 B - a potion of magic {unknown}


   Skills:
 + Level 4.9 Fighting
 - Level 4.0 Maces & Flails
 - Level 4.1 Armour
 + Level 4.9 Shields


You had 5 spell levels left.
You didn't know any spells.
Your spell library contained the following spells:

 Spells                   Type           Power      Damage    Failure   Level
 Apportation              Tloc           0%         N/A       45%         1
 Necrotise                Necr           0%         1d4       45%         1
 Summon Small Mammal      Summ           0%         N/A       45%         1
 Ignite Poison            Fire/Tmut/Pois 0%         N/A       83%         3
 Sticky Flame             Conj/Fire      0%         2d3       99%         4
 Ignition                 Fire           0%         3d3       100%        8


Dungeon Overview and Level Annotations

Branches:
Dungeon (4/15)              Sewer (visited)
 Temple: D:4-7

Altars:

Shops:
D:1 :


Innate Abilities, Weirdness & Mutations

You are immune to sickness and miasma.
Your stone body is resilient. (AC +4)
You are immune to poison.
You resist negative energy. (rN+)
You are resistant to electric shocks. (rElec)
You are resistant to unholy torment.
You are immune to petrification.


Message History

Done exploring.
Things that are here:
a +0 ring mail; a +0 trident
There is a stone staircase leading down here.
You climb downwards.
The ogre hits you with a +0 giant spiked club!
There is a stone staircase leading up here.
You climb upwards.
There is a stone staircase leading down here.
The ogre attacks as you move away! The ogre barely misses you.
The ogre attacks as you move away!
The ogre hits you with a +0 giant spiked club!!
Ouch! That really hurt!
* * * LOW HITPOINT WARNING * * *
You see here a +0 club.
There is a stone staircase leading up here.
You climb upwards.
There is a stone staircase leading down here.
You can't go up here!
You start resting.
HP restored.
There is an open door here.
There is an escape hatch in the floor here.
You slide downwards.
The hatch slams shut behind you.
You see here a +0 mace.
b - a +0 mace You drop a +0 mace.
There is a stone staircase leading up here.
The ogre shouts!
You sock the ogre!
The ogre is heavily wounded.
You block the ogre's attack.
You hit the ogre.
The ogre is heavily wounded.
The ogre hits you with a +0 giant spiked club!!
There is a stone staircase leading up here.
The ogre attacks as you move away!
The ogre hits you with a +0 giant spiked club!!
Ouch! That really hurt!
You die...

#.....###.##..###.#
##...#.#....[.....#
#....##>..........#
##.#.##.####..##.## #.#<##.#
#..##.# #.#.##.# #..##.#####
#.#.##.####..##.....#
##.#...........#####.#
#######...##@.#####..# #.#
#.......#..[.O####...#####.##
#.#####...###...<.........<..
#.# ##.## ######.#.#####.##
#.# #.# #.#.# #.# #.# #.#
#.#.# #.# #.# #.#
####.#.#####.# #.# #.#
#............## #.# #.##
#.##.#.###.#...


You could see an ogre.

Vanquished Creatures
  A howler monkey (D:4)
  Natasha (thrice) (D:4)
  Terence (D:3)
  6 adders
  3 worms
  A dart slug (D:3)
  15 orcs
  12 ball pythons
  3 bats
  8 endoplasms
  3 giant cockroaches
  10 goblins
  7 hobgoblins
  7 jackals (D:3)
  6 frilled lizards
  6 kobolds
  13 rats
105 creatures vanquished.

Notes
Turn   | Place    | Note
-------+----------+-------------------------------------------
     0 | D:1      | MineK the Gargoyle Fighter began the quest for the Orb.
     0 | D:1      | Reached XP level 1. HP: 14/14 MP: 1/1
   204 | D:1      | Reached XP level 2. HP: 19/19 MP: 2/2
   551 | D:1      | Found Imorer's Book Shoppe.
  1042 | D:2      | Reached XP level 3. HP: 23/23 MP: 3/3
  1474 | D:2      | Found a faded altar of an unknown god.
  1798 | D:3      | Reached XP level 4. HP: 25/28 MP: 4/4
  2092 | D:3      | Found a glowing drain.
  2095 | D:3      | Noticed Terence
  2103 | Sewer    | Entered a sewer
  2273 | Sewer    | Reached XP level 5. HP: 33/33 MP: 5/5
  2515 | D:3      | Killed Terence
  3381 | D:4      | Noticed Natasha
  3396 | D:4      | Killed Natasha
  3625 | D:4      | Noticed Natasha
  3643 | D:4      | Killed Natasha
  3644 | D:4      | Reached XP level 6. HP: 26/39 MP: 6/6
  3739 | D:4      | Noticed Natasha
  3747 | D:4      | Killed Natasha
  4320 | D:3      | HP: 2/40 [ogre/+0 giant spiked club (27)]
  4581 | D:3      | Slain by an ogre

Illustrated notes

Levels and vault maps discovered:
D:1:      evilmike_arrival_hilbert_curve, layout_basic, serial_shops,
          nicolae_shop_hallway_stairs
D:2:      layout_basic, shapermc_ecumenical_altar_acropolis
D:3:      layout_loops_ring, cheibrodos_sewer_entry_bend, grunt_ministairs_1,
          hangedman_decor_growths, roderic_filled_cross,
          minmay_misc_feat_pillars, uniq_terence
D:4:      layout_basic, uniq_natasha

Skill      XL: |  1  2  3  4  5 |
---------------+----------------+-----
Shields        | 4 |  4.9
Maces & Flails | 3 4 |  4.0
Fighting       | 4 |  4.9
Armour         | 4 |  4.1

Action                   |  1- 3 |  4- 6 || total
-------------------------+-------+-------++-------
Melee: Flail             |   115 |   248 ||   363
  Use: Potion            |     1 |     3 ||     4
       Scroll            |     1 |     2 ||     3
Armor: Scale mail        |    68 |   143 ||   211
       Skin              |       |     1 ||     1
Dodge: Dodged            |    40 |   127 ||   167
Block: Buckler           |    29 |    70 ||    99

Table legend: (Time is in decaauts)
 A = Elapsed time spent in this place.
 B = Non-inter-level travel time spent in this place.
 C = Inter-level travel time spent in this place.
 D = Time resting spent in this place.
 E = Time spent auto-exploring this place.
 F = Levels seen in this place.
 G = Mean time per level.
                   A        B        C        D        E       F      G
               +--------+--------+--------+--------+--------+-----+--------+
         Total |   4750 |   4750 |      0 |    460 |   2227 |   5 |  950.0 |
       Dungeon |   4288 |   4288 |      0 |    443 |   2061 |   4 | 1072.0 |
         Sewer |    462 |    462 |      0 |     17 |    165 |   1 |  462.0 |
               +--------+--------+--------+--------+--------+-----+--------+

Top non-repeatable levels by time:
     D:3: 1522 daAuts
     D:2: 1103 daAuts
     D:1: 908 daAuts
     D:4: 754 daAuts
   Sewer: 462 daAuts
